 Dungeon Crawl Stone Soup version 0.27-a0-828-g8289197e94 (webtiles) character file.

Game seed: 6407881782446172492

27 kae the Skirmisher (level 3, 0/33 HPs)
             Began as a Hill Orc Fighter on Mar 30, 2021.
             Slain by Terence
             ... wielding a +0 flail
              (5 damage)
             ... on level 2 of the Dungeon.
             The game lasted 00:00:46 (1231 turns).

kae the Skirmisher (Hill Orc Fighter)               Turns: 1231, Time: 00:00:47

Health: 0/33       AC:  6    Str: 16 (19) XL:     3   Next: 10%
Magic:  3/3        EV:  7    Int:  5 (8)  God:
Gold:   40         SH:  8    Dex:  8 (10) Spells: 2/2 levels left

rFire    . . .     SeeInvis .   a - +0 war axe
rCold    . . .     Faith    .   c - +0 kite shield
rNeg     . . .     Spirit   .   b - +0 scale mail
rPois    .         Reflect  .   (no helmet)
rElec    .         Harm     .   (no cloak)
rCorr    .         Rampage  .   (no gloves)
Will     .....                  (no boots)
Stlth    ..........             (no amulet)
HPRegen  0.11/turn              (no ring)
MPRegen  0.08/turn              (no ring)

@: very slightly contaminated, invisible
A: no striking features
a: no special abilities


You were on level 2 of the Dungeon.
You visited 1 branch of the dungeon, and saw 2 of its levels.

You collected 40 gold pieces.

Inventory:

Hand Weapons
 a - a +0 war axe (weapon)
Armour
 b - a +0 scale mail (worn)
 c - a +0 kite shield (worn)
Potions
 d - a potion of might
 g - a potion of degeneration


   Skills:
 + Level 3.9 Fighting
 * Level 3.6 Axes
 + Level 3.5 Armour
 + Level 0.7 Dodging
 - Level 3.2 Shields


You had 2 spell levels left.
You didn't know any spells.
Your spell library was empty.

Dungeon Overview and Level Annotations

Branches:
Dungeon (2/15)

Altars:

Annotations:
D:2 Terence


Message History

You are very lightly contaminated with residual magic.
It was a potion of degeneration.
There was something very wrong with that liquid.
You feel weakened.
You feel dopey.
You feel clumsy. You block Terence's attack.
You hit Terence but do no damage.
Terence is severely wounded.
Terence hits you but does no damage.
You hit Terence.
Terence is severely wounded.
You block Terence's attack. x2
You barely miss Terence.
Terence is severely wounded.
A quokka comes into view.
Terence hits you but does no damage.
The quokka moves out of view.
You hit Terence but do no damage.
Terence is severely wounded.
Terence hits you but does no damage. x2
You barely miss Terence.
Terence is severely wounded.
Terence hits you but does no damage.
You hit Terence.
Terence is severely wounded.
Terence barely misses you. Terence hits you with a +0 flail.
* * * LOW HITPOINT WARNING * * *
You closely miss Terence.
Terence is severely wounded.
Terence hits you with a +0 flail.
* * * LOW HITPOINT WARNING * * *
You see here a bat corpse.
You hit Terence but do no damage.
Terence is severely wounded.
Terence barely misses you. You block Terence's attack.
You hit Terence.
Terence is severely wounded.
Terence closely misses you.
You closely miss Terence.
Terence is severely wounded.
Terence hits you with a +0 flail.
You die...

#. ... .
#.# #.
#.# . #.#
#.#.#
####.#.##
#.......#
#@†#
#.@####
#....<#
#.#####
...#
..#..#
#.# #$>#
. ##.#
#.#


You could see Terence.

Vanquished Creatures
  2 ball pythons (D:1)
  3 endoplasms (D:1)
  3 giant cockroaches
  7 jackals (D:1)
  A kobold (D:1)
  2 bats
  2 frilled lizards (D:1)
  2 rats (D:1)
22 creatures vanquished.

Notes
Turn   | Place    | Note
-------+----------+-------------------------------------------
     0 | D:1      | kae the Hill Orc Fighter began the quest for the Orb.
     0 | D:1      | Reached XP level 1. HP: 19/19 MP: 1/1
   209 | D:1      | Reached XP level 2. HP: 22/27 MP: 2/2
  1132 | D:1      | Reached XP level 3. HP: 29/33 MP: 3/3
  1208 | D:2      | Noticed Terence
  1231 | D:2      | Slain by Terence

Illustrated notes

Levels and vault maps discovered:
D:1:      giann_horns, layout_loops_corners
D:2:      layout_basic, uniq_terence

Skill      XL: |  1 |
---------------+----+-----
Axes           | 3 |  3.6
Fighting       | |  3.9
Armour         | |  3.5
Dodging        | |  0.7
Shields        | |  3.2

Action                   || total
-------------------------++-------
Melee: War axe           ||    85
  Use: Scroll            ||     1
       Potion            ||     3
Armor: Scale mail        ||    38
Dodge: Dodged            ||    39
Block: Kite shield       ||    51

Table legend: (Time is in decaauts)
 A = Elapsed time spent in this place.
 B = Non-inter-level travel time spent in this place.
 C = Inter-level travel time spent in this place.
 D = Time resting spent in this place.
 E = Time spent auto-exploring this place.
 F = Levels seen in this place.
 G = Mean time per level.
                   A        B        C        D        E       F      G
               +--------+--------+--------+--------+--------+-----+--------+
         Total |   1277 |   1254 |     23 |    162 |    901 |   2 |  638.5 |
       Dungeon |   1277 |   1254 |     23 |    162 |    901 |   2 |  638.5 |
               +--------+--------+--------+--------+--------+-----+--------+

Top non-repeatable levels by time:
     D:1: 1242 daAuts
     D:2: 34 daAuts
